LetsOutscumLuxidream, neutral female scurrid Tourist @ LetsOutscumLuxidream the Rambler Experience level: 1 Strength: 13 Dexterity: 12 Constitution: 14 Intelligence: 12 Wisdom: 10 Charisma: 14 Health: 0(9) Energy: 2(2) Def: 0 Gold: 232 Moves: 133 Dungeon seed: fu8gxl7iOoIJfR60 Game ID: LetsOutscumLuxidream_1498228216 Your Inventory: Coins $ - 232 gold pieces Weapons a - 41 uncursed +2 darts (in quiver) Armor e - an uncursed +0 Hawaiian shirt (being worn) Comestibles b - 3 uncursed fortune cookies c - 2 uncursed tripe rations d - 4 uncursed food rations f - 2 uncursed eggs Scrolls h - 4 uncursed scrolls of magic mapping Potions g - 2 uncursed potions of extra healing Wands k - an uncursed wand of secret door detection (0:11) Tools i - an uncursed expensive camera (0:85) j - an uncursed credit card l - an uncursed leash Spells and supernatural/magical abilities: Name Level Category Fail Memory W - pray for help -- divine ? -- Your skills at the end: Miscellaneous Skills wands [Basic] Weapon Skills dart [Basic] Spellcasting Skills Final Attributes: You were devoutly aligned. You had infravision. You were very stealthy. You were swallowed by an air elemental. You are dead. Vanquished creatures: a grid bug Voluntary challenges: You went without food. You did not adorn yourself with jewelry or accessories. You did not cause conflict. You were not invisible. You did not have reflection. You were not displaced. You were an atheist. You never hit with a wielded weapon. You were a pacifist. You did not use tools. You did not use plumbed fixtures. You did not drink any magical draughts. You were illiterate. You never genocided any monsters. You never polymorphed an object. You never changed form. You used no wishes. You never split a pudding. You never wrote Elbereth's name. You never violated your personal moral code. Dungeon overview: The Dungeons of Doom: levels 1 to 29 Level 1 a fountain a long staircase Level 2 Level 3 a fountain Level 4 Level 5 Level 6 Level 7 Level 8 Level 9 Level 10 Level 11 Level 12 Level 13 Level 14 Level 15 Level 16 Level 17 a fountain Level 18 Level 19 Level 20 Level 21 Level 22 Level 23 many trees Level 24 Level 25 Level 26 Level 27 Level 28 Level 29 <- You were here some trees History has recorded: On T:1 you entered the Dungeons of Doom to retrieve the Amulet of Yendor! On T:4 you reached level 2 of The Dungeons of Doom. On T:6 you reached level 3 of The Dungeons of Doom. On T:8 you reached level 4 of The Dungeons of Doom. On T:10 you reached level 5 of The Dungeons of Doom. On T:13 you reached level 6 of The Dungeons of Doom. On T:15 you reached level 7 of The Dungeons of Doom. On T:17 you reached level 8 of The Dungeons of Doom. On T:19 you reached level 9 of The Dungeons of Doom. On T:22 you reached level 10 of The Dungeons of Doom. On T:24 you reached level 11 of The Dungeons of Doom. On T:26 you reached level 12 of The Dungeons of Doom. On T:28 you reached level 13 of The Dungeons of Doom. On T:31 you reached level 14 of The Dungeons of Doom. On T:33 you reached level 15 of The Dungeons of Doom. On T:35 you reached level 16 of The Dungeons of Doom. On T:37 you reached level 17 of The Dungeons of Doom. On T:40 you reached level 18 of The Dungeons of Doom. On T:40 you entered the Rogue tribute level. On T:42 you reached level 19 of The Dungeons of Doom. On T:44 you reached level 20 of The Dungeons of Doom. On T:46 you reached level 21 of The Dungeons of Doom. On T:50 you reached level 22 of The Dungeons of Doom. On T:52 you reached level 23 of The Dungeons of Doom. On T:55 you reached level 24 of The Dungeons of Doom. On T:68 you reached level 25 of The Dungeons of Doom. On T:70 you reached level 26 of The Dungeons of Doom. On T:73 you reached level 27 of The Dungeons of Doom. On T:75 you reached level 28 of The Dungeons of Doom. On T:77 you reached The Castle. Score breakdown: Gold: 0 ( 0 points) Experience: 1 level ( 0 points) Exploration: 29 levels ( 840 points) Discoveries: 0 items ( 0 points) Variety of kills: 1 monster ( 50 points) Major goal: (nothing yet) ( 0 points) Survival: died (score multiplied by 3) Total score: 2670 Latest messages: You continue digging. You succeed in cutting away some rock. You start chewing a hole in the rock. You continue digging. You succeed in cutting away some rock. You start chewing a hole in the rock. You continue digging. You succeed in cutting away some rock. You start chewing a hole in the rock. You continue digging. You succeed in cutting away some rock. You start chewing a hole in the rock. You continue digging. You make an opening in the wall. Please move the cursor to an unknown object. Done. The air elemental flies between the iron bars. The air elemental engulfs you! You are pummeled with debris! You die... Final status: Aloha LetsOutscumLuxidream the Tourist, killed by an air elemental... You died in The Dungeons of Doom on dungeon level 29 with 2670 points, and 232 pieces of gold, after 133 moves. You were level 1 with a maximum of 9 hit points when you died.